[Event "Team 45 45 League T38"]
[Site "Internet Chess Club"]
[Date "2008.09.01"]
[Round "6"]
[White "Electryon"]
[Black "sean98"]
[Result "1-0"]
[WhiteElo "1677"]
[BlackElo "1656"]
[Opening "English: symmetrical variation"]
[ECO "A34"]
[Time "16:19:59"]
[TimeControl "2700+45"]

1. c4 c5 2. Nc3 Nf6 3. g3 b6 4. Bg2 Nc6 5. e3 Bb7 6. Nge2 Rb8 7. d4 cxd4 8. exd4
e6 9. O-O Be7 10. Bf4 d6 11. Qa4 O-O 12. Bxc6 Bxc6 13. Qxc6 Rc8 14. Qa4 Ra8 15.
Rfe1 Qc8 16. Rac1 e5 17. dxe5 dxe5 18. Bxe5 Ng4 19. Nf4 Bg5 20. Nfd5 Qf5 21. f4
Nxe5 22. Rxe5 Qd3 23. Rxg5 Qd4+ 24. Kh1 f6 25. Ne7+ Kh8 26. Rd5 Qe3 27. Rcd1
Qxe7 28. Qd7 Qc5 {Black resigns} 1-0

[Event "Team 45 45 League T38"]
[Site "Internet Chess Club"]
[Date "2008.08.28"]
[Round "6"]
[White "alastorx"]
[Black "Despair"]
[Result "0-1"]
[WhiteElo "1846"]
[BlackElo "1951"]
[Opening "Old Benoni defense"]
[ECO "A44"]
[Time "11:00:56"]
[TimeControl "2700+45"]

1. d4 c5 2. d5 e5 3. dxe6 fxe6 4. e4 Nc6 5. Nc3 Nf6 6. Bg5 Be7 7. Nf3 b6 8. Be2
O-O 9. O-O Bb7 10. h3 d5 11. exd5 exd5 12. Bxf6 Bxf6 13. Qxd5+ Qxd5 14. Nxd5
Bxb2 15. Rab1 Bd4 16. Bc4 Na5 17. Nxb6+ Nxc4 18. Nxa8 Bxf3 19. gxf3 Rxa8 20.
Rfd1 Na3 21. Rb7 Nxc2 22. Rc7 a5 23. Rc1 Nb4 24. a3 Nd3 25. Rc2 Rb8 26. Ra7 Rb1+
27. Kh2 Ne1 28. Re2 Be5+ 29. Kh1 Nxf3+ 30. Kg2 Nh4# {White checkmated} 0-1

[Event "Team 45 45 League T38"]
[Site "Internet Chess Club"]
[Date "2008.08.31"]
[Round "6"]
[White "Rotnevni"]
[Black "Egmont"]
[Result "0-1"]
[WhiteElo "1633"]
[BlackElo "1689"]
[Opening "QGD Slav defense"]
[ECO "D10"]
[Time "10:01:40"]
[TimeControl "2700+45"]

1. d4 d5 2. c4 c6 3. e3 Nf6 4. Nc3 Bf5 5. Bd3 Bxd3 6. Qxd3 e6 7. c5 Nbd7 8. Nf3
b6 9. Qa6 bxc5 10. Qxc6 cxd4 11. Nxd4 Bc5 12. Ndb5 O-O 13. Qa6 Bb4 14. a3 Nc5
15. Qd6 Nd3+ {White resigns} 0-1

Hello:

An agreed time of Tuesday 9/2 at 11:30 was properly posted for this game.  Approximately two hours before the game was to be played kai's captain NFK posted a note that kai had computer problems and would be unable to play their game.  NFK conceded the game on behalf of kai, and asked that a set game win be awarded to pelayo.

In the T45L Statutes, Section 10(G)(ii) covers conceded games.  The statutes are as follows (the dTD comments follow the **)
Section 10(G)(ii)(a) - "Conceding a game before it starts constitutes a forfeit"
** This game was conceded prior to the start, so it is considered a forfeit.

Section 10(G)(ii)(b) - "The TD will judge whether the Game Forum message constitutes a concession, for example, when the player states that he is unable to play, or unable to meet a previously agreed time. The concession becomes official when the TD posts the forfeit. ¶ SC 36-37"
** The game forum message clearly states that the intent was to concede the game. 

Section 10(G)(ii)(c) - "When a scheduled game has been conceded by a post in the forum at least 24 hours in advance of the game, the SecTD, with advice from the dTD, may recommend that a RR reduction not be applied, but instead that the provisions of Section 3.A.vi.b (addition of RR point at end of tourney) be voided in regards to the forfeit.  ¶ SC 36-37"
** The game forum posting conceding the game was not made at least 24-hours in advance of the game, therefore, there is no provision for me as dTD to recommend a RR reduction not be applied.

Based on this, the ruling is as follows
(1) The score for the game is -:+, a forfeit win for pelayo
(2) In addition, and in accordance with the Statutes (Section 17(A)(i), it is likely that kai will have their reliability rating adjusted by -1.

If kai, or his captain, believe that the statutes have not been applied correctly then they are to make a declaration to that effect in the forum within 24 hours of the time of this ruling being posted.

[Event "Team 45 45 League T38"]
[Site "Internet Chess Club"]
[Date "2008.08.30"]
[Round "6"]
[White "BigH"]
[Black "NFK"]
[Result "0-1"]
[WhiteElo "1729"]
[BlackElo "1639"]
[Opening "English: symmetrical, Botvinnik system"]
[ECO "B20"]
[Time "11:00:57"]
[TimeControl "2700+45"]

1. e4 c5 2. c4 Nc6 3. Nc3 g6 4. g3 Bg7 5. Bg2 Nf6 6. Nf3 d6 7. h3 O-O 8. O-O a6
9. a4 Bd7 10. d3 Qc8 11. Kh2 Ne8 12. Be3 f5 13. Rc1 Nd4 14. Bxd4 cxd4 15. Nd5
Qd8 16. Re1 e5 17. Qb3 Bc6 18. c5 Kh8 19. Nb6 Rb8 20. cxd6 fxe4 21. dxe4 Nxd6
22. Nc4 Nxc4 23. Qxc4 Rc8 24. Qb3 Qa5 25. Rc4 Rxf3 26. Bxf3 Qxe1 27. Rxc6 Qxf2+
28. Bg2 bxc6 29. Qb7 Qf8 30. Qxa6 c5 31. Qc4 Rb8 32. b3 Rb4 33. Qd3 {White
resigns} 0-1

[Event "Team 45 45 League T38"]
[Site "Internet Chess Club"]
[Date "2008.08.28"]
[Round "6"]
[White "frothyjowels"]
[Black "gyoung"]
[Result "1-0"]
[WhiteElo "2243"]
[BlackElo "2237"]
[Opening "Sicilian: accelerated fianchetto, Maróczy bind, 5...Bg7"]
[ECO "B37"]
[Time "19:30:11"]
[TimeControl "2700+45"]

1. Nf3 c5 2. c4 Nc6 3. d4 cxd4 4. Nxd4 g6 5. e4 Bg7 6. Nc2 Nf6 7. Nc3 d6 8. Be2
Be6 9. O-O Nd7 10. Be3 Nc5 11. Qd2 a5 12. f4 O-O 13. e5 Na6 14. exd6 Qxd6 15.
Rad1 Qxd2 16. Rxd2 Rac8 17. Rfd1 Ncb4 18. Nxb4 Nxb4 19. a3 Bxc3 20. bxc3 Na6 21.
Rd4 Rc7 22. Rb1 Rfc8 23. Rb6 Kf8 24. f5 Bxc4 25. Bf3 Nb8 26. fxg6 hxg6 27. Rxb7
Na6 28. Rxc7 Rxc7 29. Rd8+ Kg7 30. Bb6 {Black resigns} 1-0

[Event "Team 45 45 League T38"]
[Site "Internet Chess Club"]
[Date "2008.09.06"]
[Round "6"]
[White "Merciful"]
[Black "cappelo-upgrate"]
[Result "1/2-1/2"]
[WhiteElo "2035"]
[BlackElo "2234"]
[Opening "Caro-Kann: exchange, Rubinstein variation"]
[ECO "B13"]
[Time "13:00:39"]
[TimeControl "2700+45"]

1. e4 c6 2. d4 d5 3. exd5 cxd5 4. Bd3 Nf6 5. c3 Nc6 6. Bf4 Bg4 7. Qb3 Qc8 8. Nd2
e6 9. Ngf3 Be7 10. O-O O-O {Game drawn by mutual agreement} 1/2-1/2

[Event "Team 45 45 League T38"]
[Site "Internet Chess Club"]
[Date "2008.08.30"]
[Round "6"]
[White "syy89"]
[Black "ranaamasonika"]
[Result "1/2-1/2"]
[WhiteElo "2113"]
[BlackElo "2161"]
[Opening "French: King's Indian attack"]
[ECO "C00"]
[Time "20:14:51"]
[TimeControl "2700+45"]

1. e4 e6 2. d3 c5 3. Nd2 g6 4. g3 Bg7 5. Bg2 Ne7 6. Ngf3 Nbc6 7. O-O O-O 8. Re1
d6 9. Nf1 b5 10. h4 a5 11. h5 a4 12. Rb1 Ba6 13. Bh3 d5 14. e5 b4 15. N1h2 b3
16. axb3 axb3 17. c3 d4 18. c4 gxh5 19. Bg5 h6 20. Bf6 Bxf6 21. exf6 Ng6 22. Qd2
Qxf6 23. Qxh6 Nb4 24. Rbd1 Bb7 25. Ne5 Qg7 26. Qxg7+ Kxg7 27. Nd7 Rfd8 28. Nxc5
Bc6 29. Rd2 Nc2 30. Rc1 Ba4 31. Bg2 Ra7 32. Bf3 Rc8 33. Nxa4 Rxa4 34. Bxh5 Ra2
35. Bd1 Na1 36. Nf3 e5 37. Re2 Kf6 38. Nd2 Rb8 39. Ne4+ Kf5 40. Nc5 f6 41. Ne4
Ne7 42. Nd6+ Kg6 43. Nb5 Nc6 44. Rd2 Nb4 45. f4 Nac2 46. Bxc2 Nxc2 47. Rdxc2
bxc2 48. Rxc2 Kf5 49. Kf2 Rh8 50. Kf3 Ke6 51. Re2 Rd8 52. Nc7+ Kd6 53. Nd5 Rb8
54. Nxf6 exf4 55. gxf4 Rbxb2 56. Rxb2 Rxb2 57. Ke4 Rf2 58. Ng4 Rg2 59. Ne5 Kc5
60. Kf5 Kd6 61. Nf3 Kc5 62. Kf6 Rf2 63. Ng5 Rxf4+ 64. Ke5 Rg4 65. Ne4+ Kc6 66.
Kxd4 Rh4 67. Kc3 Rh3 68. Nf6 Rf3 69. Nd5 Kc5 70. Nc7 Kc6 71. Ne6 Kd6 72. Ng5 Rf5
73. Ne4+ Ke5 74. Nd2 Rf4 75. d4+ Kd6 76. Nb3 Kc6 77. Kb4 Rh4 78. d5+ Kb6 79. Nc5
Rh1 80. Ne6 Rh4 81. Kc3 Rg4 82. c5+ Kb5 83. c6 Kb6 84. c7 Kb7 85. d6 Kc8 86. Nd4
Rg6 87. Nb5 Rxd6 88. Nxd6+ Kxc7 {Game drawn because neither player has mating
material} 1/2-1/2

[Event "Team 45 45 League T38"]
[Site "Internet Chess Club"]
[Date "2008.08.29"]
[Round "6"]
[White "tini3blas"]
[Black "elnik"]
[Result "1-0"]
[WhiteElo "2170"]
[BlackElo "1971"]
[Opening "Sicilian: Pelikan (Lasker/Sveshnikov) variation"]
[ECO "B33"]
[Time "06:54:14"]
[TimeControl "2700+45"]

1. e4 c5 2. Nf3 Nc6 3. d4 cxd4 4. Nxd4 Nf6 5. Nc3 e5 6. Ndb5 d6 7. Nd5 Nxd5 8.
exd5 Ne7 9. c3 Ng6 10. Qa4 Bd7 11. Qb4 Qb8 12. a4 a6 13. Na3 Be7 14. a5 O-O 15.
Be2 f5 16. f4 Qc7 17. O-O Rac8 18. Nc2 Qc5+ 19. Qxc5 Rxc5 20. fxe5 dxe5 21. c4
f4 22. b4 Rcc8 23. c5 Bf5 24. Na3 Be4 25. Nc4 Kh8 26. d6 Bf6 27. Bb2 Bc6 28. Bh5
e4 29. Bxf6 Rxf6 30. Rad1 Nh4 31. Ne5 g6 32. Nxc6 bxc6 33. Be2 f3 34. Bxa6 Rcf8
35. gxf3 Nxf3+ 36. Kh1 Rf4 37. Be2 Kg7 38. d7 Rd8 39. a6 Rh4 40. Bxf3 {Black
resigns} 1-0

[Event "Team 45 45 League T38"]
[Site "Internet Chess Club"]
[Date "2008.08.31"]
[Round "6"]
[White "deathmage"]
[Black "HuevosDeLeon"]
[Result "0-1"]
[WhiteElo "1658"]
[BlackElo "2107"]
[Opening "Sicilian"]
[ECO "B50"]
[Time "12:09:52"]
[TimeControl "2700+45"]

1. e4 c5 2. Nf3 d6 3. d3 Nc6 4. g3 g6 5. Bg2 Bg7 6. O-O e6 7. Nbd2 Nge7 8. c3
O-O 9. Re1 Rb8 10. Qc2 b5 11. b3 Nb4 12. cxb4 Bxa1 13. bxc5 dxc5 14. Ba3 b4 15.
Bb2 Bxb2 16. Qxb2 Qxd3 17. Re3 Qd8 18. h4 h5 19. Nh2 Qd4 20. Qc2 Ba6 21. Ndf3
Qa1+ 22. Ne1 Rbc8 23. Bf1 Bxf1 24. Kxf1 Rfd8 25. Kg2 Qd1 26. Qb2 Qd4 27. Qb1 c4
28. bxc4 Qxc4 29. Nef3 a5 30. g4 hxg4 31. Nxg4 Qc2 32. Qh1 Rc3 33. Rxc3 bxc3 34.
h5 Qd1 35. Qh4 c2 36. hxg6 Nxg6 37. Qf6 c1=Q {White resigns} 0-1

[Event "Team 45 45 League T38"]
[Site "Internet Chess Club"]
[Date "2008.08.29"]
[Round "6"]
[White "izit"]
[Black "andreip"]
[Result "1/2-1/2"]
[WhiteElo "2193"]
[BlackElo "2118"]
[Opening "French: King's Indian attack"]
[ECO "C00"]
[Time "14:42:04"]
[TimeControl "2700+45"]

1. e4 e6 2. d3 d5 3. Qe2 Nf6 4. Nf3 Be7 5. g3 dxe4 6. dxe4 Nc6 7. Bg2 e5 8. Nc3
O-O 9. Bd2 Bg4 10. Qb5 a6 11. Qc4 Qd7 12. Nd5 Rad8 13. O-O-O Rfe8 14. Bg5 Nxd5
15. Rxd5 Bxg5+ 16. Nxg5 Qe7 17. Nf3 Be6 18. Rhd1 Nb4 19. Qxb4 Qxb4 20. Rxd8 Kf8
21. Nxe5 Rxd8 22. Rxd8+ Ke7 23. Nd3 Qb5 24. Rb8 Bxa2 25. Nf4 Be6 26. b3 g5 27.
Nd5+ Bxd5 28. exd5 b6 29. Be4 Qf1+ 30. Kb2 Qxf2 31. Bxh7 Qd4+ 32. Ka2 Qxd5 33.
Bd3 a5 34. Rh8 a4 35. Rh7 axb3+ 36. Kb2 bxc2 37. Bxc2 c5 38. Bg6 Qf3 39. Kc2
Qf2+ 40. Kb3 Qe3+ 41. Kc2 Qe2+ 42. Kc3 Qe5+ 43. Kc2 Qf6 44. Bd3 Kd6 45. h4 Qf2+
46. Kc3 Qd4+ 47. Kc2 c4 48. Rh6+ Ke7 49. Bh7 gxh4 50. gxh4 Qf2+ 51. Kb1 c3 52.
Bc2 {Game drawn by mutual agreement} 1/2-1/2

[Event "Team 45 45 League T38"]
[Site "Internet Chess Club"]
[Date "2008.08.31"]
[Round "6"]
[White "alin"]
[Black "jonesey"]
[Result "1-0"]
[WhiteElo "2076"]
[BlackElo "1947"]
[Opening "Vienna gambit"]
[ECO "C29"]
[Time "07:25:05"]
[TimeControl "2700+45"]

1. e4 e5 2. Nc3 Nf6 3. f4 d5 4. fxe5 Nxe4 5. d3 Nxc3 6. bxc3 d4 7. Nf3 Nc6 8.
Be2 Bc5 9. O-O dxc3+ 10. Kh1 O-O 11. Qe1 Bd4 12. Qg3 Qd5 13. Bf4 Bd7 14. Rae1
Rae8 15. Bd1 Re6 16. Ng5 Rxe5 17. Bxe5 Bxe5 18. Qh4 h6 19. Bf3 Qa5 20. Nxf7 Rxf7
21. Qc4 Bf6 22. Bd5 Nd8 23. Bxf7+ Nxf7 24. Re7 Bxe7 25. Qxf7+ Kh7 26. Qxe7 Bc6
27. Rf7 Qg5 28. Qxg5 hxg5 29. Rxc7 Kg6 30. Kg1 Kf6 31. Kf2 g6 32. Ke3 Ke5 33.
d4+ Kd6 34. Rg7 {Black resigns} 1-0

[Event "Team 45 45 League T38"]
[Site "Internet Chess Club"]
[Date "2008.08.30"]
[Round "6"]
[White "Monsoon-Smith"]
[Black "Superjem"]
[Result "1/2-1/2"]
[WhiteElo "2102"]
[BlackElo "2272"]
[Opening "Old Indian defense"]
[ECO "A53"]
[Time "09:05:27"]
[TimeControl "2700+45"]

1. d4 Nf6 2. c4 d6 3. Nf3 g6 4. g3 Bg7 5. Bg2 O-O 6. O-O c6 7. Nc3 Nbd7 8. h3 e5
9. dxe5 dxe5 10. Qc2 Qe7 11. Be3 Re8 12. Rfd1 Nf8 13. a3 Bf5 14. Qc1 Ne4 15.
Nxe4 Bxe4 16. Bh6 Ne6 17. Bxg7 Kxg7 18. Nxe5 Bxg2 19. Kxg2 Nc5 20. Nf3 Qxe2 21.
Qc3+ Kg8 {Game drawn by mutual agreement} 1/2-1/2

[Event "Team 45 45 League T38"]
[Site "Internet Chess Club"]
[Date "2008.08.29"]
[Round "6"]
[White "Sleete"]
[Black "Kolibri"]
[Result "1-0"]
[WhiteElo "2166"]
[BlackElo "2097"]
[Opening "Sicilian: Tartakower variation"]
[ECO "B53"]
[Time "15:03:12"]
[TimeControl "2700+45"]

1. e4 c5 2. Nf3 d6 3. d4 cxd4 4. c3 d3 5. Bxd3 Nc6 6. O-O Nf6 7. Be3 g6 8. Qb3
Bg7 9. Na3 O-O 10. Rad1 Ng4 11. Bf4 a6 12. h3 Nge5 13. Nxe5 Nxe5 14. Bxe5 Bxe5
15. Nc4 Bg7 16. Nb6 Be6 17. Qb4 Rb8 18. Bc4 Bxc4 19. Nxc4 b5 20. Ne3 a5 21. Qb3
e6 22. Rd2 Qc7 23. Rfd1 Rb6 24. Qa3 Ra8 25. Ng4 h5 26. Nh2 Bf8 27. Re2 d5 28.
Qb3 dxe4 29. Rxe4 a4 30. Qc2 Bg7 31. a3 Rd8 32. Rxd8+ Qxd8 33. Qe2 Qd7 34. Rb4
Bf8 35. Rd4 Rd6 36. Nf3 Rd5 37. Rxd5 Qxd5 38. Nd4 b4 39. axb4 Bxb4 40. cxb4 Qxd4
41. b5 Kg7 42. g3 h4 43. gxh4 Kf8 44. Qg4 Qxb2 45. Qxa4 Kg7 46. Qc4 e5 47. Qc5
Qb1+ 48. Kh2 Qe4 49. b6 Qf4+ 50. Kg1 Qe4 51. Qb5 Qe1+ 52. Kg2 Qe4+ 53. Kh2 Qf4+
54. Kg1 Qe4 55. b7 Qe1+ 56. Kg2 Qe4+ 57. Kh2 Qxh4 58. Qxe5+ f6 59. Qe7+ Kh6 60.
Qe3+ Kg7 61. b8=Q {Black resigns} 1-0

[Event "Team 45 45 League T38"]
[Site "Internet Chess Club"]
[Date "2008.09.01"]
[Round "6"]
[White "baumhauer"]
[Black "FiendAngelical"]
[Result "1/2-1/2"]
[WhiteElo "1964"]
[BlackElo "1992"]
[Opening "Réti: King's Indian attack"]
[ECO "E62"]
[Time "14:01:19"]
[TimeControl "2700+45"]

1. Nf3 Nf6 2. g3 g6 3. Bg2 Bg7 4. O-O O-O 5. c4 d6 6. d4 Nc6 7. Nc3 Rb8 8. a3 a6
9. b4 b5 10. cxb5 axb5 11. Bb2 e5 12. d5 Ne7 13. Rc1 Bh6 14. e3 Bd7 15. Qc2 Bf5
16. Qe2 Bd7 17. Rfd1 Ne8 18. Rc2 f5 19. Nd2 g5 20. f4 gxf4 21. exf4 Bg7 22. fxe5
Bxe5 23. Nf3 Bf6 24. Nd4 Ng7 25. Ncxb5 Bxd4+ 26. Nxd4 Ba4 27. Ne6 Nxe6 28. Qxe6+
Rf7 29. Rdc1 Bxc2 30. Rxc2 Ng6 31. Bh3 Kf8 32. Bxf5 Qg5 33. Bxg6 hxg6 34. Re2
Qf5 35. Qxf5 Rxf5 36. Rd2 Rb5 37. Rc2 Rbxd5 38. Kg2 Rf7 39. a4 Ke8 40. h4 Rd3
41. Bc1 Kd7 42. Rc4 Rd1 43. Bf4 Ra1 44. a5 Rf5 45. Kh3 Ra4 46. Kg4 Rfxa5 47.
bxa5 Rxc4 48. Kg5 Rc5+ 49. Kxg6 Rxa5 50. h5 d5 51. h6 c5 52. h7 Ra8 53. Be5 Ke6
54. h8=Q Rxh8 55. Bxh8 d4 56. g4 d3 57. Bc3 Kd5 58. Kf5 Kc4 59. Bd2 Kd4 60. Kf4
c4 61. Be3+ Kd5 62. g5 c3 63. g6 d2 64. g7 d1=Q 65. g8=Q+ Kc6 66. Qc8+ Kb5 67.
Qc5+ Ka4 68. Qc4+ Ka3 69. Qxc3+ Qb3 70. Bc1+ Ka4 71. Qxb3+ Kxb3 {Game drawn
because neither player has mating material} 1/2-1/2

[Event "Team 45 45 League T38"]
[Site "Internet Chess Club"]
[Date "2008.08.27"]
[Round "6"]
[White "therealwizard"]
[Black "Checkmates"]
[Result "1/2-1/2"]
[WhiteElo "2179"]
[BlackElo "2367"]
[Opening "Sicilian: Alapin's variation (2.c3)"]
[ECO "B22"]
[Time "15:02:45"]
[TimeControl "2700+45"]

1. e4 c5 2. c3 Nf6 3. e5 Nd5 4. d4 cxd4 5. cxd4 e6 6. Nf3 d6 7. Bc4 Nb6 8. Bd3
dxe5 9. dxe5 N8d7 10. Qe2 Nc5 11. Bc2 Nd5 12. O-O Bd7 {Game drawn by mutual
agreement} 1/2-1/2

[Event "Team 45 45 League T38"]
[Site "Internet Chess Club"]
[Date "2008.08.30"]
[Round "6"]
[White "SiNsUaT12"]
[Black "TerryMalloy"]
[Result "0-1"]
[WhiteElo "2287"]
[BlackElo "2005"]
[Opening "Petrov: classical attack, Jaenisch variation"]
[ECO "C42"]
[Time "22:10:10"]
[TimeControl "2700+45"]

1. e4 e5 2. Nf3 Nf6 3. Nxe5 d6 4. Nf3 Nxe4 5. d4 d5 6. Bd3 Nc6 7. O-O Be7 8. c4
Nb4 9. Be2 O-O 10. Nc3 Bf5 11. a3 Nxc3 12. bxc3 Nc6 13. cxd5 Qxd5 14. Bf4 Rac8
{White disconnected and forfeits} 0-1

[Event "Team 45 45 League T"]
[Site "Internet Chess Club"]
[Date "2008.09.01"]
[Round ""]
[White "bobhill"]
[Black "Zornorph"]
[Result "0-1"]
[WhiteElo "2025"]
[BlackElo "2048"]
[Opening "Queen's pawn game"]
[ECO "D02"]
[Time "09:03:37"]
[TimeControl "2700+45"]
1. d4 {0:45:42} d5 {0:44:49} 2. Nf3 {0:46:21} e6 {0:45:18} 3. Bg5 {0:46:58}
Qd6 {0:45:31} 4. e3 {0:46:08} Qb4+ {0:46:06} 5. Nbd2 {0:46:50} Qxb2
{0:46:38} 6. Bd3 {0:47:26} Bb4 {0:46:32} 7. O-O {0:44:57} Bc3 {0:44:29} 8.
Rb1 {0:39:56} Qxa2 {0:45:10} 9. e4 {0:32:38} Bxd2 {0:43:55} 10. Nxd2
{0:32:07} dxe4 {0:39:43} 11. Nxe4 {0:27:11} Nd7 {0:38:51} 12. Bf4 {0:24:09}
Ngf6 {0:17:54} 13. Bxc7 {0:22:29} Nxe4 {0:18:09} 14. Bxe4 {0:22:37} O-O
{0:11:53} 15. Bxb7 {0:14:30} Bxb7 {0:12:14} 16. Rxb7 {0:15:12} Qd5 {0:10:31}
17. Rb3 {0:15:07} Rfc8 {0:10:39} 18. Bg3 {0:09:32} Rc4 {0:10:59} 19. c3
{0:07:25} h6 {0:11:10} 20. Qb1 {0:07:07} a5 {0:10:44} 21. h3 {0:07:01} a4
{0:10:12} 22. Ra3 {0:07:07} Nf6 {0:08:50} 23. Re1 {0:06:17} Qa5 {0:08:53}
24. Re5 {0:06:24} Nd5 {0:08:41} 25. Qb7 {0:06:44} Rac8 {0:07:24} 26. Qd7
{0:06:59} Qa8 {0:04:34} 27. Re2 {0:03:50} Qc6 {0:02:23} 28. Qxc6 {0:03:10}
R8xc6 {0:03:07} 29. Rb2 {0:02:46} Nxc3 {0:03:27} 30. Kh2 {0:03:10} Nd5
{0:03:26} 31. Rb8+ {0:03:40} Kh7 {0:04:10} 32. Rb7 {0:04:00} Kg8 {0:02:53}
33. Rb8+ {0:04:35} Rc8 {0:03:26} 34. Rxc8+ {0:05:15} Rxc8 {0:04:09} 35. Rxa4
{0:05:58} Rc2 {0:04:08} 36. Ra8+ {0:06:37} Kh7 {0:04:52} 37. Ra7 {0:07:13}
Kg6 {0:05:35} 38. h4 {0:07:15} h5 {0:05:58} 39. Ra3 {0:06:35} Rd2 {0:06:18}
40. Ra4 {0:05:33} f6 {0:05:03} 41. f3 {0:05:35} Ne7 {0:01:18} 42. Be1
{0:05:24} Rd1 {0:01:25} 43. Bf2 {0:06:04} Nd5 {0:01:51} 44. g4 {0:05:24} Nc3
{0:00:54} 45. Rc4 {0:05:56} Rd3 {0:01:10} 46. Kg2 {0:06:11} Ne2 {0:01:24}
47. Rb4 {0:02:39} Nf4+ {0:01:10} 48. Kg3 {0:03:19} hxg4 {0:01:11} 49. Kxg4
{0:03:39} Nh5 {0:00:57} 50. Rb6 {0:03:03} Rd2 {0:01:22} 51. Be3 {0:03:30}
Rg2+ {0:00:57} 52. Kh3 {0:04:07} Rg3+ {0:01:32} 53. Kh2 {0:04:50} Kf7
{0:01:14} 54. Rb7+ {0:05:22} Ke8 {0:01:37} 55. Bf2 {0:03:06} Rxf3 {0:02:09}
56. Kg2 {0:03:50} Rf5 {0:02:22} 57. Ra7 {0:03:09} Rd5 {0:02:56} 58. Kf3
{0:03:47} Rd7 {0:03:17} 59. Ra5 {0:04:19} g6 {0:04:00} 60. Ke4 {0:04:43} Kf7
{0:04:02} 61. Be1 {0:05:11} Ng7 {0:04:33} 62. Ra8 {0:04:11} Nf5 {0:04:45}
63. Bf2 {0:04:53} Ne7 {0:03:10} 64. Rh8 {0:05:09} Kg7 {0:02:56} 65. Re8
{0:05:47} Kf7 {0:02:34} 66. Rh8 {0:06:29} Nc6 {0:01:36} 67. Rh7+ {0:06:19}
Ke8 {0:02:17} 68. Rh8+ {0:07:01} Ke7 {0:02:03} 69. Rh7+ {0:07:41} Kd8
{0:02:00} 70. Rh8+ {0:08:15} Kc7 {0:02:35} 71. Rg8 {0:08:25} Ne7 {0:01:17}
72. Bg3+ {0:08:59} Kc6 {0:01:41} 73. Ra8 {0:09:29} Rd5 {0:01:32} 74. Ra6+
{0:09:49} Kd7 {0:02:06} 75. Ra7+ {0:10:23} Ke8 {0:02:46} 76. Bf2 {0:10:10}
Kf7 {0:02:22} 77. Kf4 {0:10:44} Rf5+ {0:01:37} 78. Ke4 {0:11:22} Rb5
{0:01:45} 79. Bg3 {0:11:57} Rd5 {0:01:47} 80. Be1 {0:12:38} Ke8 {0:01:23}
81. Ra6 {0:12:27} Kf7 {0:00:53} 82. Ra7 {0:13:09} f5+ {0:01:15} 83. Ke3
{0:13:34} e5 {0:00:52} 84. Bb4 {0:13:29} exd4+ {0:01:34} 85. Kf4 {0:14:11}
d3 {0:01:26} 86. Rxe7+ {0:14:52} Kg8 {0:00:53} 87. Bd2 {0:14:56} Kf8
{0:00:53} 88. Rc7 {0:15:07} Rd4+ {0:01:24} 89. Kg5 {0:15:45} Rg4+ {0:02:08}
90. Kf6 {0:16:24} Ke8 {0:02:39} 91. Bg5 {0:15:41} Rxg5 {0:02:22} 92. hxg5
{0:16:06} d2 {0:03:06} 93. Ke6 {0:16:50} d1=Q {0:03:39} 94. Rc8+ {0:15:03}
Qd8 {0:04:21} 95. Rxd8+ {0:15:47} Kxd8 {0:05:05} 96. Kf6 {0:16:30} f4
{0:05:49} 97. Kxg6 {0:17:14} f3 {0:06:33} 98. Kh7 {0:17:58} f2 {0:07:18} 99.
g6 {0:18:43} f1=Q {0:08:01} 100. g7 {0:19:27} Qf7 {0:06:51} 101. Kh8
{0:20:01} Qh5+ {0:07:35} 102. Kg8 {0:20:45} Kd7 {0:08:19} 103. Kf8 {0:21:26}
Qe8# {0:09:03} {White checkmated} 0-1

[Event "Team 45 45 League T38"]
[Site "Internet Chess Club"]
[Date "2008.08.29"]
[Round "6"]
[White "JCMDonet"]
[Black "matein7"]
[Result "1-0"]
[WhiteElo "1952"]
[BlackElo "1856"]
[Opening "QGD: 4.Nf3"]
[ECO "D37"]
[Time "01:11:04"]
[TimeControl "2700+45"]

1. Nf3 Nf6 2. d4 d5 3. c4 e6 4. Nc3 Be7 5. e3 O-O 6. Be2 b6 7. O-O Bb7 8. Ne5
dxc4 9. Nxc4 Nbd7 10. Bf3 Bxf3 11. Qxf3 c5 12. dxc5 Nxc5 13. b3 Nd3 14. Rd1 Bb4
15. Bb2 Bxc3 16. Bxc3 b5 17. Nb2 Qc7 18. Bxf6 gxf6 19. Nxd3 Rfd8 20. Qxf6 Qc2
21. Qf3 Rac8 22. Rac1 Qxa2 23. Rxc8 Rxc8 24. Ne5 Qxb3 25. Qg3+ Kf8 26. Nd7+ Ke8
27. Qg8+ Ke7 28. Qg5+ Ke8 29. Nf6+ Kf8 30. Qh6+ Ke7 31. Rd7# {Black checkmated}
1-0

[Event "Team 45 45 League T38"]
[Site "Internet Chess Club"]
[Date "2008.08.31"]
[Round "6"]
[White "iwulu"]
[Black "specialxtr"]
[Result "0-1"]
[WhiteElo "2356"]
[BlackElo "2425"]
[Opening "English opening"]
[ECO "A30"]
[Time "23:07:00"]
[TimeControl "2700+45"]

1. Nf3 Nf6 2. c4 c5 3. g3 Nc6 4. d4 cxd4 5. Nxd4 Qb6 6. Nb5 Ne5 7. Bg2 Nxc4 8.
N1c3 a6 9. Qa4 Qc5 10. O-O Rb8 11. Na3 b5 12. b4 Qc7 13. Qb3 Bb7 14. Bxb7 Rxb7
15. Rd1 e6 16. Bg5 Be7 17. Rac1 Qc6 18. e4 d6 19. Ne2 Qxe4 20. Nxc4 bxc4 21.
Qa4+ Rd7 22. Bxf6 gxf6 23. Nd4 d5 24. Nc6 Bd6 25. Na5 Ke7 26. Re1 Qg4 27. Nc6+
Kf8 28. Ne5 Bxe5 29. Qxd7 h5 30. Rxe5 fxe5 31. Qd6+ Kg8 32. Qb8+ Kh7 33. Qxe5 h4
34. Re1 h3 35. Qf6 Qg6 36. Qd4 Rb8 37. a3 Qf5 38. Kf1 Rc8 39. Re5 Qd3+ 40. Qxd3+
cxd3 41. Ke1 Kg6 42. Kd2 Rc2+ 43. Kxd3 Rxf2 44. Re2 Rxe2 45. Kxe2 Kf6 {White
resigns} 0-1